 Dungeon Crawl Stone Soup version 0.25.1-4-g9407a263a5 (webtiles) character file.

Game seed: 4298312957687690965

2619 Clowwww the Chucker (level 9, 0/66 HPs)
             Began as a Demonspawn Gladiator on Nov 28, 2020.
             Was an Initiate of Ashenzari.
             Slain by a two-headed ogre
             ... wielding a +0 giant spiked club
              (13 damage)
             ... on level 7 of the Dungeon.
             The game lasted 00:21:49 (7921 turns).

Clowwww the Chucker (Demonspawn Gladiator)          Turns: 7921, Time: 00:21:53

Health: 0/66       AC:  6    Str: 17    XL:     9   Next: 34%
Magic:  0/9        EV: 14    Int: 10    God:    Ashenzari [......]
Gold:   373        SH:  6    Dex: 15    Spells: 8/8 levels left

rFire    . . .     SeeInvis .   l - +6 whip of Axepp {flame, rElec MR+} (curse)
rCold    + . .     Gourm    .   (no shield)
rNeg     . . .     Faith    .   b - +2 leather armour
rPois    .         Spirit   +   c - +0 helmet
rElec    +         Reflect  .   (no cloak)
rCorr    .         Harm     .   (no gloves)
MR       +....                  (no boots)
Stlth    ++........             (no amulet)
HPRegen  0.21/turn              (no ring)
MPRegen  0.22/turn              (no ring)

@: no status effects
A: hooves 1, large bone plates 2, cold resistance 1, magic shield, magic
regeneration, freezing cloud immunity
a: Curse Item, Renounce Religion


You were on level 7 of the Dungeon.
You worshipped Ashenzari.
Ashenzari was noncommittal.
You were hungry.

You visited 2 branches of the dungeon, and saw 8 of its levels.

You collected 373 gold pieces.

Inventory:

Hand Weapons
 a - a +0 war axe
 l - the cursed +6 whip of Axepp (weapon) {flame, rElec MR+}
   (You found it on level 6 of the Dungeon)

   It has been specially enchanted to burn those struck by it, causing extra
   injury to most foes and up to half again as much damage against particularly
   susceptible opponents.
   It insulates you from electricity.
   It affects your resistance to hostile enchantments.
   It has a curse placed upon it.
Missiles
 g - 3 boomerangs (quivered)
 q - 6 poisoned darts
Armour
 b - a +2 leather armour (worn)
 c - a +0 helmet (worn)
Jewellery
 h - an uncursed ring of positive energy
Wands
 i - a wand of clouds (4)
 j - a wand of random effects (14)
 z - a wand of iceblast (9)
 B - a wand of polymorph (3)
Scrolls
 d - a scroll of identify
 e - a scroll of enchant weapon {unknown}
 m - a scroll of random uselessness {unknown}
 r - a scroll of remove curse
 s - a scroll of fear
 y - a scroll of teleportation
 A - a scroll of magic mapping
Potions
 n - 2 potions of stabbing
 o - a potion of brilliance
 u - a potion of magic
 w - a potion of heal wounds {unknown}
Comestibles
 f - 12 rations


   Skills:
 + Level 4.7 Fighting
 + Level 5.9(6.5) Axes
 + Level 3.7(5.3) Maces & Flails
 + Level 6.8 Throwing
 + Level 3.7 Armour
 + Level 4.4 Dodging
 + Level 1.8 Stealth


You had 8 spell levels left.
You didn't know any spells.
Your spell library contained the following spells:

 Spells                   Type           Power        Failure   Level  Hunger
 Corona                   Hex            #......      41%         1    ##.....
 Ensorcelled Hibernation  Hex/Ice        #.....       56%         2    ###....
 Confusing Touch          Hex            #.......     80%         3    ####...
 Dazzling Flash           Conj/Hex       #.....       80%         3    ####...
 Tukima's Dance           Hex            #.......     80%         3    ####...


Dungeon Overview and Level Annotations

Branches:
Dungeon (7/15)             Temple (1/1) D:6

Altars:
Ashenzari
Dithmenos
Gozag
Hepliaklqana
Kikubaaqudgha
Makhleb
Nemelex Xobeh
Okawaru
Qazlal
Ru
Sif Muna
Trog
Yredelemnul
Zin
The Shining One

Shops:
D:5 (

Annotations:
D:4 1 runed translucent door


Innate Abilities, Weirdness & Mutations

You have large cloven feet.
You are mostly covered in large bone plates. (SH +6)
Your flesh is cold resistant. (rC+)
When hurt, damage is shared between your health and your magic reserves.
You regenerate magic rapidly.
You are immune to freezing clouds.


Message History

The atropa-tipped dart barely misses the two-headed ogre.
The atropa-tipped dart hits the bullfrog!
The bullfrog appears confused.
The bullfrog is severely wounded.
You hit the two-headed ogre. You burn the two-headed ogre.
You kick the two-headed ogre.
The two-headed ogre is lightly wounded.
The two-headed ogre hits you with a +0 giant spiked club!
The two-headed ogre hits you with a +0 giant club!
You hit the two-headed ogre. You burn the two-headed ogre.
You kick the two-headed ogre.
The two-headed ogre is moderately wounded.
The bullfrog hits the two-headed ogre.
You barely miss the two-headed ogre. You kick the two-headed ogre.
The two-headed ogre is moderately wounded.
The bullfrog barely misses the two-headed ogre.
The two-headed ogre hits you with a +0 giant spiked club!!
* * * LOW HITPOINT WARNING * * *
The two-headed ogre hits you with a +0 giant club!
You die...

####.##..#.#.#
..........#.>###
####.##........#
##...#.#.##.#.#
#..<...####.#.#
##...#......#.#
##.#########.#
#.# #.##### #@#
#.....# #O#
#####.# .F. #.#
..... #.#
....... #.#
......... #.#
..#.......+ #.#
..##....(..# #.#
#.#


You could see a two-headed ogre and a bullfrog (confused, blind).

Vanquished Creatures
  The ghost of Thomus the Destroyer, a novice DECj (D:6)
  A hippogriff (D:6)
  Eustachio (D:5)
  Sigmund (D:2)
  A necrophage (D:6)
  2 black bears
  An ogre (D:5)
  A centaur (D:6)
  2 bullfrogs (D:6)
  5 killer bees (D:7)
  3 wights (D:6)
  2 crimson imps (D:6)
  2 hounds
  A quasit (D:5)
  3 jellies (D:6)
  3 orc priests
  Crazy Yiuf (D:5)
  Jessica (D:2)
  A gnoll shaman (D:4)
  Ijyb (D:5)
  Terence (D:2)
  An iguana (D:5)
  4 worker ants
  2 orc wizards
  A hound skeleton (D:5)
  8 gnolls
  7 adders
  A shadow imp (D:4)
  2 oozes
  An adder zombie (D:6)
  3 worms
  4 dart slugs
  6 leopard geckos
  19 orcs
  A ball python (D:5)
  A giant cockroach (D:2)
  7 goblins
  4 hobgoblins
  7 jackals (D:6)
  8 kobolds
  2 quokkas
  6 bats
  4 frilled lizards
  A leopard gecko zombie (D:6)
  4 rats
139 creatures vanquished.

Notes
Turn   | Place    | Note
-------+----------+-------------------------------------------
     0 | D:1      | Clowwww the Demonspawn Gladiator began the quest for the
                  | Orb.
     0 | D:1      | Reached XP level 1. HP: 16/16 MP: 1/1
   573 | D:1      | Gained mutation: You have large cloven feet. [demonic
                  | ancestry]
   573 | D:1      | Reached XP level 2. HP: 22/22 MP: 2/2
  1495 | D:2      | Reached skill level 2 in Throwing
  1582 | D:2      | Noticed Jessica
  1586 | D:2      | Killed Jessica
  1586 | D:2      | Gained mutation: Your flesh is cold resistant. (rC+)
                  | [demonic ancestry]
  1586 | D:2      | Reached XP level 3. HP: 27/27 MP: 3/3
  1639 | D:2      | Noticed Terence
  1647 | D:2      | Killed Terence
  1647 | D:2      | Gained mutation: You are immune to freezing clouds.
                  | [demonic ancestry]
  1647 | D:2      | Reached XP level 4. HP: 23/34 MP: 4/4
  2106 | D:2      | Noticed Sigmund
  2118 | D:2      | Killed Sigmund
  2118 | D:2      | Reached skill level 3 in Throwing
  2118 | D:2      | Reached skill level 1 in Armour
  2118 | D:2      | Reached skill level 1 in Stealth
  2118 | D:2      | Gained mutation: When hurt, damage is shared between your
                  | health and your magic reserves. [demonic ancestry]
  2118 | D:2      | Reached XP level 5. HP: 23/40 MP: 5/5
  2561 | D:3      | Reached XP level 6. HP: 41/46 MP: 4/6
  3661 | D:4      | Reached skill level 4 in Throwing
  3752 | D:4      | Found a glowing golden altar of the Shining One.
  3752 | D:4      | Noticed an angel
  3753 | D:4      | Found a runed translucent door.
  3956 | D:4      | Gained mutation: You are partially covered in large bone
                  | plates. (SH +4) [demonic ancestry]
  3956 | D:4      | Reached XP level 7. HP: 52/52 MP: 7/7
  4150 | D:4      | Found a basalt altar of Yredelemnul.
  4181 | D:5      | Entered Level 5 of the Dungeon
  4233 | D:5      | HP: 1/52 [ogre/+0 giant club (13)]
  4707 | D:5      | Noticed Ijyb
  4715 | D:5      | Killed Ijyb
  4718 | D:5      | Noticed Eustachio
  4754 | D:5      | HP: 1/52 [river rat[Eustachio] (3)]
  4758 | D:5      | Killed Eustachio
  4758 | D:5      | Reached skill level 5 in Throwing
  5186 | D:5      | Reached skill level 5 in Axes
  5224 | D:5      | Found Eclix's Antique Weapon Boutique.
  5427 | D:5      | Found a runed translucent door.
  5428 | D:5      | Noticed Crazy Yiuf
  5438 | D:5      | Killed Crazy Yiuf
  5683 | D:6      | Noticed a hippogriff
  5693 | D:6      | Killed a hippogriff
  5693 | D:6      | Gained mutation: You regenerate magic rapidly. [demonic
                  | ancestry]
  5693 | D:6      | Reached XP level 8. HP: 26/60 MP: 4/8
  5878 | D:6      | Got a translucent whip
  5899 | D:6      | Identified the +6 whip of Axepp {flame, rElec MR+} (You
                  | found it on level 6 of the Dungeon)
  6233 | D:6      | Reached skill level 1 in Maces & Flails
  6534 | D:6      | Reached skill level 6 in Throwing
  6706 | D:6      | Found a staircase to the Ecumenical Temple.
  6715 | Temple   | Entered the Ecumenical Temple
  6810 | Temple   | Became a worshipper of Ashenzari the Shackled
  7374 | D:6      | Found a runed translucent gate.
  7375 | D:6      | Found a runed translucent gate.
  7376 | D:6      | Found a runed translucent gate.
  7377 | D:6      | Found an opulent altar of Gozag.
  7378 | D:6      | Noticed Thomus's ghost (novice DECj)
  7388 | D:6      | Gained mutation: You are mostly covered in large bone
                  | plates. (SH +6) [demonic ancestry]
  7388 | D:6      | Reached XP level 9. HP: 56/66 MP: 9/9
  7394 | D:6      | Killed Thomus's ghost
  7908 | D:7      | Noticed a two-headed ogre
  7921 | D:7      | Slain by a two-headed ogre

Illustrated notes

Levels and vault maps discovered:
D:1:      minmay_arrival_four_houses, layout_loops_corners
D:2:      layout_loops_ring, uniq_sigmund, uniq_jessica, uniq_terence
D:3:      layout_basic
D:4:      layout_rooms, kennysheep_little_box, first_ration, lemuel_angel_altar
D:5:      layout_basic, serial_shops, shop, uniq_crazy_yiuf_cottage,
          uniq_eustachio, uniq_ijyb
D:6:      layout_loops_ring, minmay_temple_entry_fiery, ebering_ghost_gozag
D:7:      layout_loops_corners, grunt_ogre_cave, st_stairs_5, grunt_tough_drop
Temple:   dpeg_five_rooms_temple

Skill      XL: |  1  2  3  4  5  6  7  8  9 |
---------------+----------------------------+-----
Dodging        | 3 4 |  4.4
Axes           | 3 4 5 |  5.9
Throwing       | 2 3 4 5 6 |  6.8
Armour         | 1 2 3 |  3.7
Stealth        | 1 |  1.8
Fighting       | 3 4 |  4.7
Maces & Flails | 2 3 |  3.7

Action                   |  1- 3 |  4- 6 |  7- 9 || total
-------------------------+-------+-------+-------++-------
Melee: War axe           |    41 |    79 |    87 ||   207
       Kick              |    12 |    17 |    58 ||    87
       Whip              |       |       |   145 ||   145
Throw: Boomerang         |    32 |   106 |    97 ||   235
       Throwing net      |       |       |     4 ||     4
       Dart              |       |       |     4 ||     4
Invok: Curse Item        |       |       |     1 ||     1
Evoke: Wand              |       |       |     2 ||     2
  Use: Scroll            |       |       |    15 ||    15
       Potion            |       |       |     4 ||     4
 Stab: Sleeping          |     1 |       |     1 ||     2
       Held in net/web   |       |       |     1 ||     1
  Eat: Chunk             |     2 |     7 |     9 ||    18
       Ration            |       |       |     1 ||     1
Armor: Leather armour    |     7 |    14 |    58 ||    79
Dodge: Dodged            |    26 |    50 |   163 ||   239
Block: Other             |       |       |    46 ||    46
